 Dungeon Crawl Stone Soup version 0.16.1 (webtiles) character file.

146076 Fiveotanaka the Impaler (level 17, -4/223 HPs)
             Began as a Hill Orc Abyssal Knight on Mar 27, 2015.
             Was the Champion of Lugonu.
             Slain by Norris
             ... wielding a +2 morningstar
              (25 damage)
             ... on level 4 of the Spider Nest.
             The game lasted 03:13:23 (52819 turns).

Fiveotanaka the Impaler (Hill Orc Abyssal Knight)  Turns: 52819, Time: 03:13:23

Health: -4/223     AC: 27    Str: 24    XL:     17   Next: 43%
Magic:  35/35      EV: 13    Int: 12    God:    Lugonu [******]
Gold:   2496       SH:  0    Dex: 13    Spells: 2 memorised, 14 levels left

rFire  . . .     SeeInvis .     R - +4 glaive (freeze)
rCold  + . .     Clarity  .     L - +4 chain mail {rC+}
rNeg   . . .     SustAb   .     (no shield)
rPois  +         Gourm    .     i - +0 helmet
rElec  +         Spirit   .     k - +2 cloak {MR+}
rCorr  .         Warding  .     u - +0 pair of gloves
rMut   +         NoTele   +     N - +1 pair of boots
MR     ++++.                    Z - amulet of resist mutation
Stlth  ..........               s - +5 ring of slaying
                                J - ring of Moodiness {-Tele rPois MR++}

@: mighty, berserking, very quick, incredibly resistant to hostile enchantments,
extremely unstealthy
A: icy blue scales 1, electricity resistance
a: Depart the Abyss, Bend Space, Banish, Corrupt, Enter the Abyss, Renounce
Religion


You were on level 4 of the Spider Nest.
You worshipped Lugonu.
Lugonu was exalted by your worship.
You were not hungry.

You visited 4 branches of the dungeon, and saw 31 of its levels.
You visited the Abyss 3 times.
You also visited: Labyrinth, Ossuary and Ice Cave.

You collected 3352 gold pieces.
You spent 856 gold pieces at shops.

Inventory:

Hand weapons
 a - a +0 vampiric battleaxe
 j - a +1 battleaxe
 E - the +4 trident "Orc's Peril" {holy, rC++}
   (You found it on level 5 of the Dungeon)

   It has been blessed by the Shining One to cause great damage to the undead
   and demons.
   It greatly protects you from cold.
 R - a +4 glaive of freezing (weapon)
Missiles
 d - 8 throwing nets (quivered)
 l - 139 poisoned needles
 r - 27 tomahawks
Armour
 i - a +0 helmet (worn)
 k - a +2 cloak of magic resistance (worn)
 u - a +0 pair of gloves (worn)
 L - a +4 chain mail of cold resistance (worn)
 N - a +1 pair of boots (worn)
Jewellery
 s - a +5 ring of slaying (right hand)
 H - an uncursed ring of flight
 J - the ring of Moodiness (left hand) {-Tele rPois MR++}
   (You found it in a labyrinth)

   [ring of poison resistance]

   It protects you from poison.
   It affects your resistance to hostile enchantments.
   It prevents most forms of teleportation.
 Z - an amulet of resist mutation (around neck)
Magical devices
 b - a wand of cold (0)
 o - a wand of fire (4)
 w - a wand of fire (3)
 K - a wand of fireball (5)
 Q - a wand of cold (10)
 S - a wand of disintegration (17)
 W - a wand of teleportation (3)
Scrolls
 e - 2 scrolls of fear
 h - 16 scrolls of teleportation
 n - 6 scrolls of amnesia
 v - 3 scrolls of identify
 y - 2 scrolls of enchant armour
 z - 9 scrolls of remove curse
 B - 6 scrolls of blinking
 I - 6 scrolls of enchant weapon
 P - 5 scrolls of recharging
 U - 4 scrolls of magic mapping
Potions
 g - 2 potions of cancellation
 m - 4 potions of resistance
 p - 15 potions of curing
 t - 9 potions of agility
 x - 2 potions of cure mutation
 C - 2 potions of might
 F - 2 potions of invisibility
 G - 2 potions of haste
 V - a potion of ambrosia
 X - 6 potions of restore abilities
 Y - 2 potions of brilliance
Comestibles
 c - 11 meat rations
 q - 16 bread rations
 A - 2 poisonous chunks of flesh
 M - 6 royal jellies
 O - a beef jerky


   Skills:
 - Level 13.0 Fighting
 - Level 17.1(20.8) Axes
 - Level 17.7(19.5) Polearms
 - Level 12.9 Armour
 + Level 10.3 Dodging
 - Level 17.3 Invocations


You had 14 spell levels left.
You knew the following spells:

 Your Spells              Type           Power        Failure   Level  Hunger
a - Animate Skeleton      Necr           N/A          98%         1    ##.....
b - Apportation           Tloc           #.........   98%         1    ##.....


Dungeon Overview and Level Annotations

Branches:
Dungeon (15/15)            Temple (0/1) D:7            Lair (8/8) D:8
 Shoals (0/5) Lair:6       Spider (4/5) Lair:6        Slime (0/6) Lair:7
    Orc (4/4) D:12            Elf (0/3) Orc:4        Vaults (0/5) D:14
 Depths (0/5) D:15

Altars:
Ashenzari
Cheibriados
Elyvilon
Kikubaaqudgha
Makhleb
Nemelex Xobeh
Okawaru
Qazlal
Trog
Xom
Yredelemnul
Zin
The Shining One
Beogh

Shops:
D:7 (   D:9 ?   D:15 ?   Orc:4 ?%*!=

Annotations:
D:3 chequers' ghost, average HaFi
D:4 morfei's ghost, average CeWr
D:11 exclusion: obsidian statue
Lair:5 exclusion: downstairs
Lair:7 exclusion: oklob plant
Spider:4 Norris
Orc:4 1 runed door


Innate Abilities, Weirdness & Mutations

You are partially covered in icy blue scales (AC +1).
You are resistant to electric shocks.


Message History

You feel very mighty all of a sudden. Something hits you!!
* * * LOW HITPOINT WARNING * * *
Drink which item? (? for menu, Esc to quit)
A red film seems to cover your vision as you go berserk!
You feel yourself moving faster!
You feel mighty!
You miss something. Something hits you!
* * * LOW HITPOINT WARNING * * *
You hit something! You freeze something. You hit something!!
You freeze something. Something blocks your attack.
You hear something mumble some strange prayers to a god against you.
Something smites you!
* * * LOW HITPOINT WARNING * * *
Something blocks your attack. Something blocks your attack. Something hits you.
* * * LOW HITPOINT WARNING * * *
You miss something. Something blocks your attack. Something hits you!!
You die...

. .#.. ... .....
.#..
......##.....
.............#^
.#^....#........
...#.....#....
.....#...{^## ≈
#......@#..#.≈#
......#..^....#
... #.<....## .
#≈##...## #≈#
#≈≈≈# ## ####


There were no monsters in sight!

Vanquished Creatures
  Arachne (Spider:3)
  Rupert (Spider:3)
  Fannar (Orc:4)
  Erica (D:15)
  3 centaur warriors (D:14)
  4 ogre magi (Orc:4)
  6 death yaks
  2 tengu warriors (D:14)
  The ghost of Ultraviolent4 the Lord of Darkness, a powerful OpSu of Kikubaaqudgha (D:11)
  2 orc high priests
  Nergalle (D:14)
  A deep elf knight (D:14)
  A skeletal warrior (D:14)
  A giant orange brain (D:15)
  A deep troll (shapeshifter) (D:15)
  4 unseen horrors
  An ice statue (IceCv)
  A wizard (D:14)
  9 hill giants
  3 orc knights
  14 wolf spiders
  9 orb spiders
  4 cyclopes
  6 ugly things
  2 orc sorcerers (Orc:4)
  3 manticores
  A griffon (Lair:5)
  2 worldbinders (Abyss:1)
  A guardian serpent (shapeshifter) (D:15)
  A hornet (Spider:3)
  3 elephants (Lair:8)
  A rust devil (Orc:3)
  Maurice (D:13)
  5 black mambas
  4 gargoyles
  An octopode (shapeshifter) (D:15)
  Psyche (D:11)
  12 centaur skeletons
  A kobold demonologist (D:14)
  6 komodo dragons
  An efreet (D:15)
  4 yaktaurs (D:14)
  4 demonic crawlers
  4 fire drakes
  10 trolls
  20 spiny frogs
  A hellwing (D:14)
  A queen bee (Spider:3)
  4 wandering mushrooms (Lab)
  17 two-headed ogres
  24 blink frogs
  Sonja (D:11)
  20 jumping spiders
  2 raiju (Abyss:1)
  A queen bee (shapeshifter) (D:14)
  11 slime creatures
  A boulder beetle (Spider:1)
  19 polar bears
  A raven (D:14)
  A trapdoor spider zombie (D:8)
  4 giant leeches (Lair:8)
  4 basilisks
  23 redbacks
  A spriggan (Lair:3)
  8 tarantellas
  4 deep elf magi
  2 vampires (D:15)
  7 wraiths
  A yak (shapeshifter) (D:15)
  73 yaks
  Eustachio (D:7)
  10 trapdoor spiders
  2 wargs
  3 hungry ghosts
  4 deep elf fighters
  A fire elemental (D:14)
  3 mottled dragons
  A neqoxec (Abyss:1)
  15 hippogriffs
  9 vampire mosquitoes
  34 wolves
  A steam dragon (Lair:4)
  3 insubstantial wisps (Abyss:1)
  21 water moccasins
  13 porcupines
  4 phantoms
  5 ice beasts
  24 spiders
  A swamp drake (Lair:4)
  An eye of draining (D:12)
  24 orc warriors
  A black bear (shapeshifter) (D:15)
  2 black bears
  6 sky beasts
  3 wasps
  15 centaurs
  A necrophage (D:8)
  28 ogres
  A vampire mosquito zombie (D:14)
  14 crocodiles
  Sigmund (D:3)
  A brain worm (Lair:4)
  28 giant frogs
  5 big kobolds
  7 scorpions
  A wyvern skeleton (D:14)
  14 wights
  10 killer bees (Spider:3)
  7 jellies
  4 electric eels (Lair:8)
  2 small abominations (Abyss:1)
  2 lava snakes (D:14)
  17 crimson imps
  7 centaur zombies
  An iron imp (D:7)
  3 giant frog zombies
  A gnoll shaman (D:6)
  3 quasits
  A giant frog skeleton (D:8)
  7 hounds
  13 iguanas
  34 orc priests
  36 orc wizards
  4 spectral orcs (D:14)
  7 worker ants
  12 sheep
  Jessica (D:3)
  2 hound zombies
  A hound skeleton (D:7)
  4 mummies
  16 gnolls
  107 river rats
  36 adders
  2 giant mites
  12 white imps (Lair:7)
  9 shadow imps
  2 worms (D:2)
  An adder zombie (D:7)
  7 giant geckos
  2 oozes
  199 orcs
  A bat skeleton (D:6)
  2 bat zombies
  4 giant cockroaches
  A gnoll zombie (Ossuary)
  24 goblins
  20 hobgoblins
  21 jackals
  9 quokkas
  30 bats
  A giant gecko skeleton (D:4)
  3 giant newts
  2 giant spores
  A goblin zombie (Ossuary)
  4 hobgoblin zombies (Ossuary)
  A jackal skeleton (D:6)
  33 kobolds
  A kobold zombie (Ossuary)
  3 orc zombies (Orc:4)
  3 quokka zombies
  23 rats
  13 ballistomycetes
  8 fungi
  4 plants
1489 creatures vanquished.

Vanquished Creatures (others)
  A frost giant (IceCv)
  A deep elf high priest (D:14)
  An ettin (D:14)
  A minotaur (Lab)
  A hydra (Lair:8)
  A phantasmal warrior (D:14)
  An ugly thing (D:12)
  A komodo dragon (Lair:3)
  2 fire drakes (Lair:8)
  A boulder beetle (Lair:7)
  A blink frog (Lair:8)
  An orc warrior (D:14)
  A centaur (D:13)
  A small abomination (Abyss:1)
  A killer bee (Spider:3)
  An orc wizard (Orc:4)
  A giant spore (D:11)
  3 fungi
  4 plants (Lair:8)
25 creatures vanquished.

Grand Total: 1514 creatures vanquished

Notes
Turn   | Place    | Note
--------------------------------------------------------------
     0 | Abyss:1  | Fiveotanaka, the Hill Orc Abyssal Knight, began the quest for the Orb.
     0 | Abyss:1  | Reached XP level 1. HP: 19/19 MP: 1/1
     4 | Abyss:1  | Found a corrupted altar of Lugonu.
    30 | D:1      | Escaped the Abyss
   361 | D:1      | Reached XP level 2. HP: 26/26 MP: 2/2
   692 | D:1      | Reached skill level 4 in Axes
   697 | D:1      | Acquired Lugonu's second power
  1292 | D:1      | Reached XP level 3. HP: 31/31 MP: 4/4
  1563 | D:2      | Reached skill level 5 in Axes
  1755 | D:2      | Found a bloodstained altar of Trog.
  1970 | D:2      | Reached XP level 4. HP: 26/39 MP: 5/5
  2533 | D:2      | Reached skill level 6 in Axes
  2967 | D:3      | Reached XP level 5. HP: 25/45 MP: 6/6
  3082 | D:3      | Noticed Jessica
  3090 | D:3      | Noticed Sigmund
  3151 | D:3      | Reached skill level 7 in Axes
  3162 | D:3      | Noticed chequers' ghost (average HaFi)
  3292 | D:3      | Killed Jessica
  3494 | D:3      | Acquired Lugonu's third power
  4084 | D:2      | Reached skill level 8 in Axes
  4084 | D:2      | Reached XP level 6. HP: 26/51 MP: 8/8
  4608 | D:4      | Noticed morfei's ghost (average CeWr)
  4677 | D:3      | Found a shimmering altar of Xom.
  4696 | D:3      | Reached skill level 9 in Axes
  5114 | D:3      | Reached XP level 7. HP: 57/57 MP: 9/9
  5206 | D:4      | Acquired Lugonu's fourth power
  5538 | D:3      | Killed Sigmund
  5764 | D:5      | Entered Level 5 of the Dungeon
  5922 | D:5      | Found a white marble altar of Elyvilon.
  5927 | D:5      | Found a glowing golden altar of the Shining One.
  5969 | D:5      | Reached skill level 10 in Axes
  6820 | D:5      | Got a brightly glowing trident
  6821 | D:5      | Identified the +4 trident "Orc's Peril" {holy, rC++} (You found it on level 5 of the Dungeon)
  6995 | D:5      | Reached skill level 1 in Polearms
  7153 | D:5      | Reached XP level 8. HP: 44/64 MP: 10/10
  7687 | D:5      | Found a snail-covered altar of Cheibriados.
  7693 | D:5      | Found a burning altar of Makhleb.
  7696 | D:5      | Found a sparkling altar of Nemelex Xobeh.
  8069 | D:6      | Found a stormy altar of Qazlal.
  8076 | D:6      | Found a shattered altar of Ashenzari.
  8086 | D:6      | Acquired Lugonu's fifth power
  8112 | D:5      | Reached skill level 5 in Polearms
  8718 | D:6      | Reached skill level 1 in Dodging
  9112 | D:5      | Reached XP level 9. HP: 66/70 MP: 12/12
  9242 | D:6      | HP: 1/70 [orc warrior/halberd (24)]
 10429 | D:7      | Reached skill level 5 in Invocations
 10707 | D:7      | Found Tots' Weapon Shoppe.
 10727 | D:7      | Noticed Eustachio
 10748 | D:7      | Killed Eustachio
 10771 | D:7      | Found a staircase to the Ecumenical Temple.
 11220 | D:8      | Reached XP level 10. HP: 77/77 MP: 23/23
 11276 | D:8      | Reached skill level 10 in Invocations
 11282 | D:8      | Found an ancient bone altar of Kikubaaqudgha.
 11293 | D:8      | Found a sand-covered staircase.
 11370 | Ossuary  | Entered an ossuary
 11777 | D:8      | Reached skill level 11 in Invocations
 11809 | D:8      | Found a staircase to the Lair.
 11960 | Lair:1   | Entered Level 1 of the Lair of Beasts
 12128 | D:8      | Reached skill level 5 in Fighting
 12428 | D:9      | Reached skill level 5 in Armour
 13144 | D:9      | Found Khicsob's Magic Scroll Boutique.
 13150 | D:9      | Bought a scroll of noise for 13 gold pieces
 13150 | D:9      | Bought a scroll of random uselessness for 13 gold pieces
 13150 | D:9      | Bought a scroll of identify for 26 gold pieces
 13150 | D:9      | Bought a scroll of identify for 26 gold pieces
 13150 | D:9      | Bought a scroll of teleportation for 39 gold pieces
 13406 | D:9      | Noticed a hill giant
 13433 | D:9      | Killed a hill giant
 13574 | D:9      | Noticed a hill giant
 13605 | D:9      | Killed a hill giant
 13605 | D:9      | Reached XP level 11. HP: 72/86 MP: 25/25
 13796 | D:10     | Entered Level 10 of the Dungeon
 14349 | D:10     | Noticed a hill giant
 14650 | D:10     | Killed a hill giant
 15039 | D:10     | Reached skill level 10 in Polearms
 16293 | Lair:2   | Found a labyrinth entrance.
 16410 | Lab      | Entered a labyrinth
 16654 | Lab      | Noticed a minotaur
 16667 | Lab      | Banished a minotaur
 16679 | Lab      | Got a slimy iron ring
 16681 | Lab      | Identified the ring of Moodiness {-Tele rPois MR++} (You found it in a labyrinth)
 16735 | Lab      | Got a shimmering hand axe
 16735 | Lab      | Got a distressingly furry shadow dragon armour
 16746 | Lab      | Identified the cursed -5 shadow dragon armour of the Five Songs {MR+ MP+9 Str+2 Int-5 Dex-3 Stlth++++} (You found it in a labyrinth)
 16746 | Lab      | Identified the +4 hand axe "Haipnunk" {chop, Contam rF+ Dex+2} (You found it in a labyrinth)
 16747 | Lab      | Got a distressingly furry leather armour
 16759 | Lab      | Identified the cursed -5 leather armour of Zin's Scorn {Int+2} (You found it in a labyrinth)
 17316 | Lair:2   | Reached XP level 12. HP: 66/100 MP: 26/26
 17450 | Lair:2   | Reached skill level 12 in Axes
 18309 | Lair:3   | Reached skill level 5 in Dodging
 19809 | Lair:4   | Gained mutation: You are resistant to electric shocks. [potion of beneficial mutation]
 20184 | Lair:4   | Reached skill level 13 in Invocations
 20912 | Lair:5   | Reached skill level 14 in Invocations
 20912 | Lair:5   | Reached XP level 13. HP: 98/105 MP: 29/29
 21788 | Lair:4   | Noticed a death yak
 21804 | Lair:4   | Noticed a death yak
 21806 | Lair:4   | Killed a death yak
 22491 | D:10     | Noticed a hill giant
 22499 | D:10     | Killed a hill giant
 22729 | D:10     | Reached skill level 10 in Fighting
 22961 | D:11     | Noticed Sonja
 22991 | D:11     | Killed Sonja
 23186 | D:11     | Noticed Ultraviolent4's ghost (powerful OpSu)
 23214 | D:11     | Killed Ultraviolent4's ghost
 23457 | D:11     | Noticed Psyche
 23463 | D:11     | Killed Psyche
 24475 | D:12     | HP: 3/117 [hippogriff (7)]
 24946 | D:12     | Escaped the Abyss
 25126 | D:12     | Found a staircase to the Orcish Mines.
 25133 | D:12     | Found a roughly hewn altar of Beogh.
 25334 | Orc:1    | Entered Level 1 of the Orcish Mines
 26218 | Orc:1    | Reached skill level 10 in Armour
 27592 | Orc:4    | Entered Level 4 of the Orcish Mines
 27663 | Orc:4    | Found Steosur's Magic Scroll Emporium.
 27667 | Orc:4    | Found a staircase to the Elven Halls.
 27671 | Orc:4    | Bought a scroll of teleportation for 36 gold pieces
 27671 | Orc:4    | Bought a scroll of teleportation for 36 gold pieces
 27671 | Orc:4    | Bought a scroll of identify for 24 gold pieces
 27671 | Orc:4    | Bought a scroll of identify for 24 gold pieces
 27671 | Orc:4    | Bought a scroll of identify for 24 gold pieces
 27826 | Orc:4    | Found a runed door.
 27849 | Orc:4    | Reached XP level 14. HP: 125/125 MP: 30/30
 28519 | Orc:4    | Found Opiu's General Store.
 28519 | Orc:4    | Found Mawk's Jewellery Shop.
 28519 | Orc:4    | Found Momoeler's Food Boutique.
 28519 | Orc:4    | Found Shrejix's Distillery.
 28551 | Orc:4    | Bought a potion of beneficial mutation for 595 gold pieces
 28571 | Orc:4    | Gained mutation: You are partially covered in icy blue scales (AC +1). [potion of beneficial mutation]
 28703 | Orc:4    | Noticed Fannar
 28735 | Orc:4    | Killed Fannar
 29169 | Abyss:1  | Reached skill level 10 in Dodging
 29182 | Orc:4    | Escaped the Abyss
 29460 | Orc:4    | Found a roughly hewn altar of Beogh.
 29812 | Orc:3    | Found a roughly hewn altar of Beogh.
 30838 | Lair:4   | Noticed a death yak
 30840 | Lair:4   | Noticed a death yak
 30874 | Lair:4   | Killed a death yak
 30876 | Lair:4   | Killed a death yak
 30891 | Lair:4   | Killed a death yak
 31366 | Lair:6   | Found a glowing silver altar of Zin.
 31605 | Lair:6   | Found a hole to the Spider Nest.
 31788 | Lair:6   | Found a staircase to the Shoals.
 32367 | Lair:7   | Found a frozen archway.
 32509 | IceCv    | Entered an ice cave
 32757 | IceCv    | Reached skill level 15 in Invocations
 32769 | IceCv    | Reached XP level 15. HP: 118/135 MP: 32/32
 33899 | IceCv    | Noticed a frost giant
 33920 | IceCv    | Banished a frost giant
 34416 | Lair:7   | Found a bloodstained altar of Trog.
 34473 | Lair:7   | Found a staircase to the Slime Pits.
 34547 | Lair:7   | Learned a level 1 spell: Animate Skeleton
 34549 | Lair:7   | Learned a level 1 spell: Apportation
 35483 | Lair:8   | Entered Level 8 of the Lair of Beasts
 38123 | Lair:8   | Reached skill level 15 in Polearms
 39082 | Spider:1 | Entered Level 1 of the Spider Nest
 39094 | Spider:1 | Got a shimmering morningstar
 39153 | Spider:1 | Identified the cursed -2 morningstar "Furush" {drain, Str+4 Dex+2} (You found it on level 1 of the Spider Nest)
 39787 | D:13     | Found an iron altar of Okawaru.
 39932 | D:13     | Noticed Maurice
 39935 | D:13     | Reached skill level 16 in Polearms
 39959 | D:13     | Killed Maurice
 40599 | D:13     | Reached XP level 16. HP: 102/143 MP: 33/33
 40802 | D:13     | Reached skill level 17 in Polearms
 42111 | D:14     | Noticed Nergalle
 42134 | D:14     | Killed Nergalle
 45806 | D:14     | Found a gate to the Vaults.
 45949 | D:15     | Entered Level 15 of the Dungeon
 45949 | D:15     | Found a basalt altar of Yredelemnul.
 45994 | D:15     | Found Phaoch's Magic Scroll Shop.
 46182 | D:15     | Noticed Erica
 46190 | D:15     | Killed Erica
 46995 | D:15     | Found a staircase to the Depths.
 49761 | Spider:2 | Reached XP level 17. HP: 149/149 MP: 35/35
 50216 | Spider:2 | Reached skill level 15 in Axes
 50254 | Spider:2 | You fall through a shaft!
 50364 | Spider:3 | Noticed Rupert
 51565 | Spider:3 | Killed Rupert
 51946 | Spider:3 | Noticed Arachne
 51973 | Spider:3 | Killed Arachne
 52787 | Spider:4 | Noticed Norris
 52819 | Spider:4 | Slain by Norris

Action                   |  1- 3 |  4- 6 |  7- 9 | 10-12 | 13-15 | 16-18 || total
-------------------------+-------+-------+-------+-------+-------+-------++-------
Melee: Hand axe          |   106 |   250 |   163 |   427 |  2364 |   846 ||  4156
       Trident           |       |       |   422 |   525 |       |       ||   947
       Glaive            |       |       |       |       |       |   400 ||   400
       Battleaxe         |       |       |       |       |       |    56 ||    56
Invok: Banish            |       |       |     1 |     1 |    17 |     4 ||    23
       Depart the Abyss  |       |       |       |       |     2 |       ||     2
       Enter the Abyss   |       |       |       |       |     2 |       ||     2
       Bend Space        |       |       |       |       |     2 |       ||     2
Evoke: Wand              |       |       |     1 |     1 |     3 |       ||     5
  Use: Scroll            |       |       |     5 |    20 |    10 |     4 ||    39
       Potion            |       |       |     2 |     2 |     4 |     3 ||    11
 Stab: Distracted        |       |       |       |     1 |     1 |       ||     2
       Confused          |       |       |       |     1 |       |       ||     1
       Invisible         |       |       |       |       |     1 |       ||     1
  Eat: Chunk             |     3 |    10 |    19 |    26 |    52 |    35 ||   145
       Pizza             |       |       |     1 |       |       |       ||     1
       Fruit             |       |       |       |     1 |       |       ||     1
       Beef jerky        |       |       |       |     2 |     4 |     2 ||     8
       Royal jelly       |       |       |       |     1 |       |     1 ||     2
       Bread ration      |       |       |       |       |     3 |       ||     3
